 Dungeon Crawl Stone Soup version 0.20-a0-513-g02c11fc (webtiles) character file.

3561 HarryHood the Fighter (level 9, -4/83 HPs)
             Began as a Minotaur Berserker on Jan 22, 2017.
             Was a High Priest of Trog.
             Killed from afar by an electric eel (7 damage)
             ... with a bolt of electricity
             ... on level 8 of the Dungeon.
             The game lasted 00:25:16 (6171 turns).

HarryHood the Fighter (Minotaur Berserker)          Turns: 6171, Time: 00:25:16

Health: -4/83      AC: 13    Str: 23    XL:     9   Next: 83%
Magic:  8/8        EV: 13    Int:  4    God:    Trog [*****.]
Gold:   357        SH:  0    Dex: 12    Spells: 8/8 levels left

rFire    + . .     SeeInvis +   b - +0 dire flail (protect)
rCold    . . .     Gourm    .   m - +2 scale mail {rF+}
rNeg     . . .     Faith    .   (shield currently unavailable)
rPois    +         Spirit   .   (helmet restricted)
rElec    .         Reflect  .   C - +0 cloak
rCorr    .         Harm     .   k - +0 pair of gloves
MR       .....                  (no boots)
Stlth    ..........             (no amulet)
Regen    0.3/turn               x - ring of poison resistance
                                y - ring of see invisible

@: no status effects
A: retaliatory headbutt, horns 2
a: Berserk, Trog's Hand, Brothers in Arms, Burn Spellbooks, Renounce Religion


You were on level 8 of the Dungeon.
You worshipped Trog.
Trog was extremely pleased with you.
You were not hungry.

You visited 2 branches of the dungeon, and saw 9 of its levels.
You also visited: Ossuary.

You collected 597 gold pieces.
You spent 240 gold pieces at shops.

Inventory:

Hand Weapons
 a - a +2 flail of holy wrath
 b - a +0 dire flail of protection (weapon)
Armour
 i - a +0 buckler
 k - a +0 pair of gloves (worn)
 m - a +2 scale mail of fire resistance (worn)
 C - a +0 cloak (worn)
Jewellery
 o - an uncursed ring of protection from fire
 x - a ring of poison resistance (right hand)
 y - a ring of see invisible (left hand)
Scrolls
 d - 3 scrolls of recharging
 e - a scroll of magic mapping
 g - a scroll of remove curse {@r2}
 r - 2 scrolls of blinking {@r7}
 t - a scroll of fear
 u - 2 scrolls of fog
 w - a scroll of teleportation {@r0}
Potions
 f - 4 potions of haste
 h - a potion of berserk rage {unknown}
 j - a potion of ambrosia
 l - a potion of mutation {unknown}
 n - 2 potions of heal wounds {@q1}
 p - 2 potions of curing {@q2}
 s - a potion of invisibility {unknown}
 z - a potion of might {unknown}
 A - a potion of magic {unknown}
 B - a potion of cure mutation {unknown}
Comestibles
 c - 4 bread rations {@e1}
 q - 3 meat rations {@e1}
 D - 3 fruits {@e2}


   Skills:
 - Level 9.0 Fighting
 - Level 9.0 Maces & Flails
 - Level 9.0 Armour
 * Level 7.1 Dodging
 - Level 4.4 Shields


You had 8 spell levels left.
You didn't know any spells.

Dungeon Overview and Level Annotations

Branches:
Dungeon (8/15)             Temple (1/1) D:6
   Lair: D:8-11

Altars:
Ashenzari
Cheibriados
Dithmenos
Elyvilon
Fedhas
Gozag
Hepliaklqana
Kikubaaqudgha
Makhleb
Nemelex Xobeh
Okawaru
Qazlal
Sif Muna
Trog
Uskayaw
Vehumet
Xom
Yredelemnul
Zin
The Shining One

Shops:
D:5 !   D:6 =   D:7 (


Innate Abilities, Weirdness & Mutations

You reflexively headbutt those who attack you in melee.
You have a pair of horns on your head.


Message History

The electric eel shoots out a bolt of lightning at you!
The bolt of electricity hits the electric eel.
The electric eel completely resists.
The bolt of electricity hits you!
* * * LOW HITPOINT WARNING * * *
The electric eel shoots out a bolt of lightning at you!
The bolt of electricity hits you!
* * * LOW HITPOINT WARNING * * *
The bolt of electricity hits you!
* * * LOW HITPOINT WARNING * * *
The bolt of electricity hits the electric eel.
The electric eel completely resists.
The bolt of electricity hits the electric eel.
The electric eel completely resists.
You barely miss the electric eel.
The electric eel shoots out a bolt of lightning at you!
The bolt of electricity misses the electric eel.
The bolt of electricity hits you!
* * * LOW HITPOINT WARNING * * *
The bolt of electricity hits you!
You die...

...#.# #.# ...#.# ##.#
...#.# #..# .....# #)##
.....#########.#
...............##
................# ###
........###.....###.....
......####......@.......
......# #......;......≈
.......# #.≈....;....≈≈.
................≈≈≈≈.≈≈.
...........≈≈≈.≈.≈;≈≈≈..
.............≈≈≈≈≈≈≈≈≈..
.............≈≈≈≈≈≈≈≈≈≈≈
......≈≈≈≈.≈.≈.≈≈≈≈


You could see 3 electric eels.

Vanquished Creatures
  Grinder (D:5)
  A hippogriff (D:7)
  Eustachio (D:5)
  Edmund (D:5)
  An orc warrior (D:6)
  A black bear (D:6)
  2 necrophages
  An ice beast (D:5)
  A phantom (D:4)
  3 ogres
  2 centaurs (D:5)
  5 wolves (D:8)
  An elf zombie (Ossuary)
  2 bullfrogs
  A big kobold (D:7)
  A wyvern zombie (D:8)
  A scorpion (D:7)
  A wight (D:8)
  3 crimson imps
  A bullfrog zombie (D:7)
  A jelly (D:5)
  A centaur zombie (Ossuary)
  3 orc priests
  Crazy Yiuf (D:7)
  5 hounds
  3 iguanas
  6 orc wizards
  2 worker ants
  Terence (D:3)
  3 big kobold zombies (Ossuary)
  A hound zombie (D:5)
  2 mummies (Ossuary)
  Robin (D:3)
  3 gnolls (D:7)
  8 adders
  An adder skeleton (D:6)
  2 worms
  4 dart slugs
  7 leopard geckos
  19 orcs
  3 ball pythons
  6 giant cockroaches
  2 gnoll zombies (Ossuary)
  20 goblins
  12 hobgoblins
  11 jackals
  10 kobolds
  4 quokkas
  14 bats
  7 frilled lizards
  2 goblin zombies (Ossuary)
  A hobgoblin zombie (Ossuary)
  4 orc zombies (Ossuary)
  A quokka skeleton (D:4)
  2 quokka zombies
  4 rats
208 creatures vanquished.

Notes
Turn   | Place    | Note
-------+----------+-------------------------------------------
     0 | D:1      | HarryHood the Minotaur Berserker began the quest for the Orb.
     0 | D:1      | Reached XP level 1. HP: 19/19 MP: 0/0
    49 | D:1      | Reached skill level 4 in Fighting
    70 | D:1      | Reached XP level 2. HP: 23/27 MP: 1/1
   235 | D:1      | Reached skill level 5 in Fighting
   247 | D:1      | Reached ** piety under Trog
   247 | D:1      | Reached XP level 3. HP: 35/36 MP: 2/2
   724 | D:2      | Found a shattered altar of Ashenzari.
   884 | D:2      | Found an opulent altar of Gozag.
   884 | D:2      | Found a hazy altar of Hepliaklqana.
   884 | D:2      | Found a basalt altar of Yredelemnul.
   884 | D:2      | Found a white marble altar of Elyvilon.
   887 | D:2      | Found a shadowy altar of Dithmenos.
  1115 | D:3      | Reached XP level 4. HP: 40/44 MP: 3/3
  1145 | D:3      | You fall through a shaft!
  1152 | D:3      | Noticed Terence
  1159 | D:3      | Killed Terence
  1159 | D:3      | Reached skill level 6 in Fighting
  1183 | D:3      | Reached skill level 4 in Maces & Flails
  1258 | D:3      | Noticed Robin
  1264 | D:3      | Reached *** piety under Trog
  1269 | D:3      | Reached XP level 5. HP: 44/50 MP: 4/4
  1276 | D:3      | Killed Robin
  1545 | D:3      | Reached skill level 5 in Maces & Flails
  1770 | D:4      | Noticed an ogre
  1778 | D:4      | Killed an ogre
  1778 | D:4      | Reached skill level 6 in Maces & Flails
  1778 | D:4      | Reached XP level 6. HP: 57/57 MP: 5/5
  1965 | D:4      | Reached skill level 3 in Armour
  2011 | D:4      | Reached skill level 4 in Armour
  2329 | D:4      | Reached skill level 5 in Armour
  2465 | D:4      | Found an iron altar of Okawaru.
  2627 | D:5      | Entered Level 5 of the Dungeon
  2647 | D:5      | Reached XP level 7. HP: 34/63 MP: 6/6
  2665 | D:5      | Noticed Grinder
  2680 | D:5      | Reached skill level 6 in Armour
  2681 | D:5      | Killed Grinder
  2681 | D:5      | Reached skill level 4 in Dodging
  2682 | D:5      | Reached **** piety under Trog
  2682 | D:5      | Reached skill level 5 in Dodging
  2755 | D:5      | Reached XP level 8. HP: 29/70 MP: 7/7
  2916 | D:5      | Reached skill level 6 in Dodging
  2922 | D:5      | Found a sand-covered staircase.
  2927 | Ossuary  | Entered an ossuary
  2959 | Ossuary  | Reached skill level 1 in Shields
  2964 | Ossuary  | Reached skill level 2 in Shields
  3126 | Ossuary  | Reached skill level 3 in Shields
  3215 | D:5      | Noticed Eustachio
  3230 | D:5      | Reached skill level 4 in Shields
  3243 | D:5      | Killed Eustachio
  3243 | D:5      | Reached skill level 7 in Fighting
  3426 | D:5      | Noticed Edmund
  3442 | D:5      | Killed Edmund
  3588 | D:5      | Reached skill level 8 in Fighting
  3617 | D:5      | You fall through a shaft for 2 floors!
  3695 | D:6      | Reached skill level 9 in Fighting
  3708 | D:6      | Reached XP level 9. HP: 52/83 MP: 8/8
  3985 | D:5      | Reached skill level 7 in Maces & Flails
  4007 | D:5      | Found Hyxuokev's Distillery.
  4180 | D:6      | Found a staircase to the Ecumenical Temple.
  4197 | Temple   | Entered the Ecumenical Temple
  4251 | D:6      | Found Fisept's Jewellery Emporium.
  4259 | D:6      | Bought an uncursed ring of poison resistance for 240 gold pieces
  4380 | D:6      | Reached ***** piety under Trog
  4469 | D:6      | Found a hide-covered altar of Uskayaw.
  5178 | D:7      | Reached skill level 8 in Maces & Flails
  5220 | D:7      | Found Ycosijul's Weapon Boutique.
  5288 | D:7      | Reached skill level 9 in Maces & Flails
  5598 | D:7      | Found a runed door.
  5813 | D:7      | Noticed Crazy Yiuf
  5819 | D:7      | Killed Crazy Yiuf
  5819 | D:7      | Reached skill level 7 in Armour
  5936 | D:8      | Reached skill level 8 in Armour
  6145 | D:8      | Reached skill level 9 in Armour
  6164 | D:8      | Reached skill level 7 in Dodging
  6171 | D:8      | HP: 3/83 [electric eel/bolt of electricity (8)]
  6171 | D:8      | Killed from afar by an electric eel

Vault maps used:
D:1:      grunt_arrival_crossed_arrows
D:2:      evilmike_ruin_ashenzari, grunt_temple_overflow_open, first_bread,
          supply_closet_lemuel, grunt_ministairs_13, st_stairs_1
D:3:      uniq_terence, uniq_robin
D:4:      okawaru_metal_pillars_3
D:5:      nicolae_ossuary_entry_false_entrances, serial_shops, shop_statue,
          uniq_edmund, uniq_eustachio, uniq_grinder
D:6:      old_standard_altar, serial_shops, shop_fountains,
          grunt_decor_arrowhead
D:7:      serial_shops, nicolae_shop_statue_plus, enter_bailey_3,
          uniq_crazy_yiuf_cottage
D:8:      nicolae_ru_great_annihilating_truth, erik_lair_island, serial_undead,
          serial_undead_a, serial_undead_e, serial_undead_f, serial_undead_a
Temple:   minmay_temple_forest_path
Ossuary:  minmay_ossuary_gauntlet

Skill      XL: |  1  2  3  4  5  6  7  8  9 |
---------------+----------------------------+-----
Fighting       | 4 5 6 9 |  9.0
Maces & Flails | 4 6 9 |  9.0
Armour         | 5 6 9 |  9.0
Dodging        | 5 6 7 |  7.1
Shields        | 4 |  4.4

Action                   |  1- 3 |  4- 6 |  7- 9 || total
-------------------------+-------+-------+-------++-------
Melee: Mace              |    81 |    17 |       ||    98
       Headbutt          |    10 |    21 |    57 ||    88
       Flail             |       |   105 |    91 ||   196
       Dire flail        |       |       |   196 ||   196
Invok: Burn Spellbooks   |     1 |       |     1 ||     2
       Berserk           |       |     1 |     3 ||     4
  Use: Scroll            |     8 |     4 |     3 ||    15
  Eat: Chunk             |     1 |     5 |    10 ||    16
       Bread ration      |       |       |     1 ||     1
Armor: Animal skin       |     6 |       |       ||     6
       Scale mail        |    29 |    40 |   118 ||   187
Dodge: Dodged            |    68 |    68 |   172 ||   308
Block: Buckler           |     3 |    14 |    16 ||    33
